 Dungeon Crawl Stone Soup version 0.29.1-2-gbd0b4ee654 (webtiles) character file.

Game seed: 11705463482304803487

65 xian the Conjurer (level 3, -3/16 HPs)
             Began as a Spriggan Conjurer on Oct 29, 2022.
             Slain by Ijyb
             ... wielding a +2 dagger of speed
              (4 damage)
             ... on level 3 of the Dungeon.
             The game lasted 00:03:59 (2374 turns).

xian the Conjurer (Spriggan Conjurer)               Turns: 2374, Time: 00:03:59

Health: -3/16      AC:  2    Str:  3    XL:     3   Next: 94%
Magic:  1/8        EV: 14    Int: 21    God:
Gold:   115        SH:  0    Dex: 13    Spells: 3/8 levels left

rFire   + . .      SeeInvis +   p - +1 dagger (protect)
rCold   x . .      Faith    .   (no shield)
rNeg    . . .      Spirit   .   a - +0 robe
rPois   .          Reflect  .   (helmet restricted)
rElec   .          Harm     .   (no cloak)
rCorr   .          Rampage  .   (gloves unavailable)
Will    .....                   (boots unavailable)
Stlth   ++........              (no amulet)
HPRegen 0.05/turn               q - ring of fire
MPRegen 0.11/turn               (no ring)

@: grasped by roots, very slightly contaminated, constricted, very quick
A: very small, no large weapons, unfitting armour, see invisible, speed 3
a: no special abilities


You were on level 3 of the Dungeon.
You visited 1 branch of the dungeon, and saw 3 of its levels.

You collected 115 gold pieces.

Inventory:

Hand Weapons
 p - a +1 dagger of protection (weapon)
Armour
 a - a +0 robe (worn)
Magical Staves
 d - a staff of air
Jewellery
 q - a ring of fire (left hand)
Scrolls
 c - a scroll of poison {unknown}
 e - 2 scrolls of identify {unknown}
 f - 2 scrolls of teleportation {unknown}
 h - 2 scrolls of fear {unknown}
 j - a scroll of brand weapon {unknown}
 l - 2 scrolls of summoning {unknown}
 m - a scroll of vulnerability {unknown}
Potions
 b - a potion of magic
 g - a potion of berserk rage {unknown}
 i - a potion of mutation {unknown}
 k - a potion of ambrosia {unknown}
 n - 2 potions of haste
 o - 2 potions of curing {unknown}


   Skills:
 + Level 2.9 Dodging
 + Level 3.1 Stealth
 + Level 3.3 Spellcasting
 + Level 3.8 Conjurations
 * Level 0.4 Air Magic


You had 3 spell levels left.
You knew the following spells:

 Your Spells              Type           Power      Damage    Failure   Level
a - Magic Dart            Conj           76%        1d6       2%          1
b - Searing Ray           Conj           38%        2d5       4%          2
c - Static Discharge      Conj/Air       12%        3-5/arc   9%          2

Your spell library contained the following spells:

 Spells                   Type           Power      Damage    Failure   Level
 Slow                     Hex            12%        N/A       13%         1
 Dazzling Flash           Conj/Hex       22%        N/A       17%         3
 Confusing Touch          Hex            3%         N/A       36%         3
 Vampiric Draining        Necr           3%         2d6       36%         3
 Fulminant Prism          Conj/Hex       5%         3d7       50%         4
 Iskenderun's Mystic Bla  Conj/Tloc      11%        2d4       50%         4
 Sticky Flame             Conj/Fire      17%        2d4       50%         4
 Dispel Undead            Necr           3%         3d7       77%         4


Dungeon Overview and Level Annotations

Branches:
Dungeon (3/15)

Altars:
Yredelemnul

Annotations:
D:3 Ijyb


Innate Abilities, Weirdness & Mutations

You are very small and have problems with some larger weapons.
You are too small for most types of armour.
You have supernaturally acute eyesight. (SInv)
You cover ground extremely quickly. (Speed+++)


Message History

You can't see any susceptible monsters within range! (Use Z to cast anyway.)
You can't see any susceptible monsters within range! (Use Z to cast anyway.)
You now have 115 gold pieces (gained 7).
Ijyb the Twisted Goblin comes into view.
She is wielding a +2 dagger of speed and carrying a wand of roots (8).
Casting: Magic Dart (safe; 2% risk of failure)
Confirm with . or Enter, or press ? or * to list all spells.
Aiming: Searing Ray (safe; 4% risk of failure)
Press: ? - help, Shift-Dir - straight line, f - Ijyb
Aim: Ijyb, wielding a +2 dagger of speed, wearing a +0 leather armour and carrying a wand of roots (8) (asleep, 100% to hit)
You miscast Searing Ray.
You are very lightly contaminated with residual magic.
Nothing appears to happen.
Casting: Searing Ray (safe; 4% risk of failure)
Confirm with . or Enter, or press ? or * to list all spells.
Aiming: Searing Ray (safe; 4% risk of failure)
Press: ? - help, Shift-Dir - straight line, f/p - Ijyb
Aim: Ijyb, wielding a +2 dagger of speed, wearing a +0 leather armour and carrying a wand of roots (8) (asleep, 100% to hit)
The searing ray hits Ijyb.
Ijyb is lightly wounded.
Ijyb shouts! (Press . to maintain the ray.) Ijyb drinks a potion.
Ijyb seems to speed up.
The searing ray hits Ijyb.
Ijyb is moderately wounded.
Ijyb screams, "Level is mine!
All mine!"
The searing ray hits Ijyb.
Ijyb is moderately wounded.
The searing ray hits Ijyb.
Ijyb is moderately wounded.
You finish channelling your searing ray.
Ijyb hits you with a +2 dagger of speed. x2
Ijyb completely misses you.
Ijyb zaps a wand.
The roots erupt in riotous growth!
The grasping roots grab you!
Ijyb is unaffected.
The grasping roots constrict you.
* * * LOW HITPOINT WARNING * * *
Ijyb barely misses you. The grasping roots constrict you.
* * * LOW HITPOINT WARNING * * *
Ijyb hits you with a +2 dagger of speed.
You die...

###.# #... #.#
#..# #.# #...
###.# #... ..#.#
#..# #.#.# #..#
#.#.#
##.g#####.#.###
#..@......#...#
###.####..###.##
#.# #.......#
#.# #.#######
#.# #.# #.. ..#
### ####


You could see Ijyb (fast).

Vanquished Creatures
  A gnoll (D:1)
  An adder (D:2)
  3 dart slugs
  3 endoplasms (D:1)
  3 giant cockroaches
  6 goblins
  3 hobgoblins (D:2)
  6 kobolds
  2 quokkas
  2 ball pythons
  2 bats (D:2)
  6 frilled lizards
  5 rats
43 creatures vanquished.

Vanquished Creatures (others)
  5 plants (D:2)
5 creatures vanquished.

Grand Total: 48 creatures vanquished

Notes
Turn   | Place    | Note
-------+----------+-------------------------------------------
     0 | D:1      | xian the Spriggan Conjurer began the quest for the Orb.
     0 | D:1      | Reached XP level 1. HP: 9/9 MP: 5/5
   239 | D:1      | Reached XP level 2. HP: 13/13 MP: 1/6
   246 | D:1      | Learned a level 2 spell: Searing Ray
   814 | D:1      | Reached XP level 3. HP: 16/16 MP: 4/8
  1035 | D:2      | Learned a level 2 spell: Static Discharge
  1325 | D:2      | Found a faded altar of an unknown god.
  1827 | D:2      | Found a basalt altar of Yredelemnul.
  2367 | D:3      | Noticed Ijyb
  2374 | D:3      | Slain by Ijyb

Illustrated notes

Levels and vault maps discovered:
D:1:      wander_arrival_estate, layout_loops_ring
D:2:      layout_loops_ring, basic_altar,
          hellmonk_ecumenical_altar_prayer_group, minmay_stone_trees_small,
          lexackson_kobold_supper
D:3:      layout_basic, uniq_ijyb

Skill      XL: |  1  2  3 |
---------------+----------+-----
Conjurations   | 3 |  3.8
Spellcasting   | 3 |  3.3
Dodging        | |  2.9
Stealth        | |  3.1
Air Magic      | |  0.4

Action                   || total
-------------------------++-------
Melee: Staff             ||    14
 Cast: Magic Dart        ||    78
       Searing Ray       ||     3
Armor: Robe              ||     1
Dodge: Dodged            ||    17
